 Dungeon Crawl Stone Soup version 0.24.0-123-gd5b16e6ec5 (webtiles) character file.

Game seed: 325459088643247429, levelgen mode: deterministic

2 Notrik the Chopper (level 1, 12/20 HPs)
             Began as a Deep Dwarf Berserker on Feb 7, 2020.
             Was a Follower of Trog.
             Got out of the dungeon alive.
             The game lasted 00:00:40 (455 turns).

Notrik the Chopper (Deep Dwarf Berserker)            Turns: 455, Time: 00:00:40

Health: 12/20      AC: 10    Str: 20    XL:     1   Next: 33%
Magic:  1/1        EV:  8    Int:  7    God:    Trog [*.....]
Gold:   0          SH:  0    Dex: 12    Spells: 0/0 levels left

rFire    . . .     SeeInvis .   a - +0 hand axe
rCold    . . .     Gourm    .   (no shield)
rNeg     . . .     Faith    .   c - +2 chain mail {MR+}
rPois    .         Spirit   .   (no helmet)
rElec    .         Reflect  .   (no cloak)
rCorr    .         Harm     .   (no gloves)
MR       +....                  (no boots)
Stlth    ..........             (no amulet)
HPRegen  0.00/turn              (no ring)
MPRegen  0.07/turn              (no ring)

@: non-regenerating
A: damage resistance, heal wounds, sense surroundings 1, no regeneration
a: Heal Wounds, Berserk, Renounce Religion


You escaped.
You worshipped Trog.
Trog was aware of your devotion.
You were not hungry.

You visited 1 branch of the dungeon, and saw 1 of its levels.

Inventory:

Hand Weapons
 a - a +0 hand axe (weapon)
Armour
 b - a +0 animal skin
 c - a +2 chain mail of magic resistance (worn)
   (You found it on level 1 of the Dungeon)
Potions
 f - a potion of curing {unknown}
 g - a potion of might {unknown}
 h - a potion of magic {unknown}
Comestibles
 e - a ration {!d}


   Skills:
 * Level 2.9 Fighting
 - Level 3.2 Axes
 - Level 2.1 Armour
 - Level 2.1 Dodging


You couldn't memorise any spells.
You didn't know any spells.
Your spell library was empty.

Dungeon Overview and Level Annotations

Branches:
Dungeon (1/15)

Altars:


Innate Abilities, Weirdness & Mutations

You are resistant to damage.
You can heal yourself by infusing magical energy.
You passively map a small area around you.
You do not regenerate.


Message History

There is an open door here.
You open the door.
Found a red potion.
There is an open door here.
h - a red potion
There is a stone staircase leading down here.
A hobgoblin and a kobold come into view.
The hobgoblin shouts!
Found a ring mail.
The kobold shouts!
Found 17 bolts.
The hobgoblin hits you.
You hit the hobgoblin. The hobgoblin hits you.
You hit the hobgoblin.
You kill the hobgoblin!
Trog accepts your kill.
No target in view!
No target in view!
Unknown command.
No target in view!
No target in view!
You barely miss the kobold. The kobold closely misses you.
You barely miss the kobold. The kobold hits you.
You hit the kobold.
You kill the kobold!
Trog accepts your kill.
No target in view!
No target in view!
You start waiting.
Done waiting.
You start waiting.
All of the chunks of flesh in your inventory have rotted away.
Done waiting.
You start waiting.
Done waiting.
You start removing your armour.
You continue taking off your +0 animal skin. x4
You finish taking off your +0 animal skin.
You start putting on your armour.
You continue putting on your glowing chain mail. x5
You finish putting on your +2 chain mail of magic resistance.
You feel resistant to hostile enchantments.
Unknown command.
There is a staircase leading out of the dungeon here.
Are you sure you want to leave the Dungeon?
This will make you lose the game!
Alright, then stay!
Are you sure you want to leave the Dungeon?
This will make you lose the game!
Uppercase [Y]es or [N]o only, please.
Are you sure you want to leave the Dungeon?
This will make you lose the game!
You have escaped!

,........# , , * ,
........#, , *
#########.#, ,, , ,
(.........#,, , *
########.##, , * * * #.##
, .# #..#, , .# ##.#
##### .# #.#####8@8####
.# ### #.##.........# .#
..# #.##.........# .#
#)##### #.##.........##.#
#.#...# #...............#
#.#.#.###..#............#
..#.#...##...#####...####
.##.###.#....#.....#.#
......#.#.#..#.#####.#


There were no monsters in sight!

Vanquished Creatures
  A hobgoblin (D:1)
  A frilled lizard (D:1)
  A kobold (D:1)
3 creatures vanquished.

Notes
Turn   | Place    | Note
-------+----------+-------------------------------------------
     0 | D:1      | Notrik the Deep Dwarf Berserker began the quest for the
                  | Orb.
     0 | D:1      | Reached XP level 1. HP: 20/20 MP: 1/1
   455 | D:$      | Got out of the dungeon alive.

Levels and vault maps discovered:
D:1:      mrwooster_arrival_statue, layout_basic, minmay_liquid_box,
          minmay_pentomino_w2

Action                   || total
-------------------------++-------
Melee: Hand axe          ||     6
Dodge: Dodged            ||     1
